 Dungeon Crawl Stone Soup version 0.24.1 (webtiles) character file.

Game seed: 7922112263883124277, levelgen mode: deterministic

1849 Fukker the Conjurer (level 8, -1/78 HPs)
             Began as a Demonspawn Wizard on Mar 29, 2020.
             Was an Initiate of Ashenzari.
             Slain by a gargoyle
             ... wielding a cursed +0 flail
              (18 damage)
             ... on level 7 of the Dungeon on Mar 30, 2020.
             The game lasted 00:38:31 (10138 turns).

Fukker the Conjurer (Demonspawn Wizard)            Turns: 10138, Time: 00:38:32

Health: -1/78      AC:  4    Str: 12    XL:     8   Next: 88%
Magic:  3/16       EV: 12    Int: 23    God:    Ashenzari [......]
Gold:   404        SH:  0    Dex: 11    Spells: 7/18 levels left

rFire    . . .     SeeInvis .     - Unarmed
rCold    + . .     Gourm    .   (no shield)
rNeg     . . .     Faith    +   a - +0 robe
rPois    .         Spirit   .   n - +0 helmet
rElec    .         Reflect  .   (no cloak)
rCorr    .         Harm     .   x - +0 pair of gloves
MR       .....                  (no boots)
Stlth    ..........             k - amulet of faith (curse)
HPRegen  0.23/turn              v - ring of wizardry (curse)
MPRegen  0.15/turn              B - ring of protection from cold (curse)

@: berserking (expiring), very quick
A: claws 2, powered by death 1
a: Curse Item, Renounce Religion


You were on level 7 of the Dungeon.
You worshipped Ashenzari.
Ashenzari was noncommittal.
You were not hungry.

You visited 2 branches of the dungeon, and saw 8 of its levels.
You also visited: Sewer.

You collected 404 gold pieces.

Inventory:

Hand Weapons
 j - a +0 dagger
 s - a +0 short sword
 y - a +0 hand crossbow
Missiles
 h - 168 stones (quivered)
 l - 61 sling bullets
Armour
 a - a +0 robe (worn)
 b - a +0 hat
 n - a +0 helmet (worn)
 x - a +0 pair of gloves (worn)
Jewellery
 k - a cursed amulet of faith (around neck)
 v - a cursed ring of wizardry (left hand)
 B - a cursed ring of protection from cold (right hand)
Wands
 z - a wand of paralysis (6)
 G - a wand of polymorph (18)
 H - a wand of flame (19)
 I - a wand of random effects (13)
Scrolls
 c - 2 scrolls of enchant weapon
 e - 2 scrolls of remove curse
 g - 6 scrolls of teleportation
 i - a scroll of magic mapping
 q - a scroll of blinking {unknown}
 t - a scroll of immolation {unknown}
 u - a scroll of fear {unknown}
 C - 2 scrolls of fog {unknown}
 E - a scroll of enchant armour {unknown}
Potions
 f - 6 potions of curing
 m - 3 potions of flight
 o - a potion of berserk rage
 p - 2 potions of lignification
 r - a potion of agility
 w - 4 potions of degeneration
 A - a potion of resistance
 D - a potion of invisibility
 F - a potion of haste {unknown}
Comestibles
 d - 9 rations


   Skills:
 - Level 0.5 Short Blades
 - Level 1.7 Dodging
 - Level 1.7 Stealth
 + Level 3.5 Unarmed Combat
 + Level 5.9 Spellcasting
 + Level 6.5 Conjurations
 - Level 4.0 Summonings
 + Level 1.2 Translocations
 + Level 0.3 Fire Magic
 + Level 2.6 Air Magic
 - Level 3.0 Poison Magic


You had 7 spell levels left.
You knew the following spells:

 Your Spells              Type           Power        Failure   Level  Hunger
a - Magic Dart            Conj           ####         1%          1    None
b - Call Imp              Summ           ####....     1%          2    None
c - Blink                 Tloc           N/A          3%          2    None
d - Mephitic Cloud        Conj/Pois/Air  ####....     1%          3    #......
e - Conjure Flame         Conj/Fire      ###.....     2%          3    #......

Your spell library contained the following spells:

 Spells                   Type           Power        Failure   Level  Hunger
 Slow                     Hex            #.......     5%          2    None


Dungeon Overview and Level Annotations

Branches:
Dungeon (7/15)             Temple (1/1) D:7           Sewer (visited)

Altars:
Ashenzari
Cheibriados
Dithmenos
Elyvilon
Fedhas
Gozag
Hepliaklqana
Kikubaaqudgha
Makhleb
Nemelex Xobeh
Qazlal
Ru
Sif Muna
Trog
Uskayaw
Vehumet
Wu Jian
Xom
Yredelemnul
Zin
The Shining One

Shops:
D:4 (


Innate Abilities, Weirdness & Mutations

You have very sharp fingernails.
You regenerate a little health from kills.


Message History

You hit the gargoyle but do no damage.
The gargoyle is moderately damaged.
The gargoyle hurls a stone arrow at you.
The stone arrow hits you!
* * * LOW HITPOINT WARNING * * *
You barely miss the gargoyle.
The gargoyle is moderately damaged.
You hit the gargoyle but do no damage.
The gargoyle is moderately damaged.
The gargoyle hits you with a cursed +0 flail.
* * * LOW HITPOINT WARNING * * *
You barely miss the gargoyle.
The gargoyle is moderately damaged.
You punch the gargoyle!
The gargoyle is severely damaged.
The gargoyle barely misses you.
You hit the gargoyle but do no damage.
The gargoyle is severely damaged.
The gargoyle hits you with a cursed +0 flail!!
You die...

###.# ..... O
###.# .o.
############..#
#....))@9.....#
#.##########.....
#># ... ....# #.#
# ##### #.# #.#
#.# #.# #.#


You could see a gargoyle.

Vanquished Creatures
  Sigmund (D:3)
  An orc warrior (D:7)
  An ogre (D:5)
  An ice beast (D:6)
  2 phantoms (D:5)
  A centaur (D:5)
  A crocodile (D:4)
  2 bullfrogs (D:6)
  A scorpion (D:7)
  A howler monkey (D:5)
  A crimson imp (D:5)
  A bullfrog zombie (D:6)
  A hound (D:5)
  A jelly (D:5)
  A bullfrog skeleton (D:7)
  A centaur skeleton (D:4)
  An orc priest (D:7)
  3 orc wizards
  An iguana (D:6)
  2 worker ants
  A hound zombie (D:5)
  Robin (D:2)
  A howler monkey zombie (D:5)
  A worker ant zombie (D:5)
  7 gnolls
  5 adders
  4 shadow imps
  4 oozes
  6 worms
  3 dart slugs
  4 leopard geckos
  14 orcs
  13 bats
  10 giant cockroaches
  6 hobgoblins
  12 jackals
  7 kobolds
  3 quokkas
  6 ball pythons
  10 frilled lizards
  A giant cockroach zombie (D:5)
  13 goblins
  A jackal skeleton (D:6)
  A jackal zombie (D:5)
  A leopard gecko skeleton (D:5)
  A leopard gecko zombie (D:7)
  6 rats
167 creatures vanquished.

Vanquished Creatures (collateral kills)
  An ice beast (D:7)
  3 crimson imps (D:5)
  An orc priest (D:6)
  A gnoll (D:5)
  2 adders
  2 oozes (Sewer)
  4 worms
  A dart slug (D:2)
  2 orcs
  4 goblins
  2 hobgoblins (D:2)
  2 jackals (D:4)
  A kobold (D:3)
  A quokka (D:5)
27 creatures vanquished.

Grand Total: 194 creatures vanquished

Notes
Turn   | Place    | Note
-------+----------+-------------------------------------------
     0 | D:1      | Fukker the Demonspawn Wizard began the quest for the Orb.
     0 | D:1      | Reached XP level 1. HP: 13/13 MP: 4/4
   396 | D:1      | Gained mutation: You regenerate a little health from kills.
                  | [demonic ancestry]
   396 | D:1      | Reached XP level 2. HP: 19/19 MP: 0/6
   654 | D:1      | Learned a level 2 spell: Call Imp
   657 | D:1      | Learned a level 2 spell: Blink
  1050 | D:1      | Reached XP level 3. HP: 24/24 MP: 4/8
  1055 | D:1      | Learned a level 3 spell: Mephitic Cloud
  1162 | D:1      | Reached skill level 1 in Translocations
  1832 | D:2      | Reached XP level 4. HP: 23/30 MP: 0/10
  1986 | D:2      | Noticed Robin
  1998 | D:2      | Killed Robin
  2087 | D:2      | Learned a level 3 spell: Conjure Flame
  2134 | D:2      | Reached skill level 1 in Poison Magic
  2371 | D:2      | Reached skill level 1 in Air Magic
  2681 | D:2      | Reached skill level 2 in Conjurations
  3059 | D:3      | Noticed Sigmund
  3100 | D:3      | Killed Sigmund
  3100 | D:3      | Reached skill level 3 in Conjurations
  3100 | D:3      | Gained mutation: You have sharp fingernails. [demonic
                  | ancestry]
  3100 | D:3      | Reached XP level 5. HP: 35/35 MP: 1/11
  3100 | D:3      | Gained mutation: You have very sharp fingernails. [demonic
                  | ancestry]
  3100 | D:3      | Reached XP level 6. HP: 41/41 MP: 1/12
  4208 | D:4      | Found a glowing drain.
  4247 | Sewer    | Entered a sewer
  5574 | D:4      | Found a shattered altar of Ashenzari.
  5765 | D:4      | Found Hihustraigo's Weapon Shop.
  6031 | D:5      | Entered Level 5 of the Dungeon
  6050 | D:5      | Reached skill level 4 in Conjurations
  6050 | D:5      | Reached XP level 7. HP: 46/46 MP: 8/13
  6372 | D:6      | Reached skill level 1 in Unarmed Combat
  7251 | D:5      | Reached skill level 5 in Conjurations
  7269 | D:5      | Reached XP level 8. HP: 52/52 MP: 1/14
  8073 | D:5      | Found a shimmering altar of Xom.
  8444 | D:5      | Reached skill level 5 in Spellcasting
  8584 | D:5      | Reached skill level 6 in Conjurations
  9116 | D:6      | Found a white marble altar of Elyvilon.
  9686 | D:7      | Found a staircase to the Ecumenical Temple.
  9711 | Temple   | Entered the Ecumenical Temple
  9947 | Temple   | Became a worshipper of Ashenzari the Shackled
 10099 | D:7      | Noticed a gargoyle
 10138 | D:7      | Slain by a gargoyle

Levels and vault maps discovered:
D:1:      minmay_arrival_jagged, layout_loops_ring, minmay_misc_feat_rows
D:2:      layout_basic, uniq_robin
D:3:      layout_basic, first_ration, minivault_11, uniq_sigmund
D:4:      layout_loops_ring, serial_shops, nicolae_shop_stone,
          cheibrodos_sewer_entry_drain, evilmike_ruin_ashenzari
D:5:      layout_basic, led_xom_imps
D:6:      layout_loops_ring, elyvilon_altar_3
D:7:      layout_loops_ring, minmay_temple_entry_glass
Temple:   nicolae_temple_the_god_donut

Skill      XL: |  1  2  3  4  5  6  7  8 |
---------------+-------------------------+-----
Spellcasting   | 4 5 |  5.9
Translocations | 1 |  1.2
Poison Magic   | 2 3 |  3.0
Air Magic      | 2 |  2.6
Conjurations   | 3 4 5 6 |  6.5
Summonings     | 2 3 4 |  4.0
Unarmed Combat | 2 3 |  3.5
Short Blades   | |  0.5
Dodging        | |  1.7
Stealth        | |  1.7
Fire Magic     | |  0.3

Action                   |  1- 3 |  4- 6 |  7- 9 || total
-------------------------+-------+-------+-------++-------
Melee: Unarmed           |    19 |    86 |   212 ||   317
       Dagger            |    23 |     4 |       ||    27
       Short sword       |       |    11 |       ||    11
       Punch             |       |       |     1 ||     1
 Cast: Magic Dart        |    92 |   176 |   220 ||   488
       Call Imp          |     3 |    19 |    20 ||    42
       Conjure Flame     |       |     4 |     7 ||    11
       Mephitic Cloud    |       |     3 |     3 ||     6
Invok: Curse Item        |       |       |     3 ||     3
  Use: Scroll            |       |     6 |    10 ||    16
       Potion            |       |     2 |     5 ||     7
 Stab: Sleeping          |     2 |     2 |     2 ||     6
       Confused          |       |     2 |     1 ||     3
       Distracted        |       |     1 |       ||     1
  Eat: Chunk             |     3 |    13 |    12 ||    28
       Ration            |       |       |     1 ||     1
Armor: Robe              |    11 |    35 |    51 ||    97
Dodge: Dodged            |    42 |   132 |   159 ||   333
